 Dungeon Crawl Stone Soup version 0.17-a0-2105-gad05798 (webtiles) character file.

899 TruthSerum the Fighter (level 8, -6/74 HPs)
             Began as a Hill Orc Fighter on Oct 18, 2015.
             Was an Initiate of Okawaru.
             Mangled by a troll (12 damage)
             ... on level 5 of the Dungeon.
             The game lasted 00:25:24 (4805 turns).

TruthSerum the Fighter (Hill Orc Fighter)           Turns: 4805, Time: 00:25:24

Health: -6/74      AC: 16    Str: 19    XL:     8   Next: 7%
Magic:  8/8        EV:  2    Int:  8    God:    Okawaru [......]
Gold:   170        SH:  7    Dex: 12    Spells: 0 memorised, 7 levels left

rFire  . . .     SeeInvis .     x - +0 mace (protect)
rCold  . . .     Clarity  +     i - +0 plate armour
rNeg   . . .     SustAt   .     c - +0 shield
rPois  .         Gourm    .     f - +0 helmet
rElec  .         Spirit   .     (no cloak)
rCorr  .         Warding  .     (no gloves)
rMut   .         Stasis   .     (no boots)
MR     .....                    y - amulet of clarity
Stlth  ..........               (no ring)
                                (no ring)

@: heavily drained, not resistant to hostile enchantments, extremely unstealthy
A: no striking features
a: Renounce Religion


You were on level 5 of the Dungeon.
You worshipped Okawaru.
Okawaru was noncommittal.
You were not hungry.

You visited 2 branches of the dungeon, and saw 6 of its levels.

You collected 170 gold pieces.

Inventory:

Hand Weapons
 a - a +0 flail
 x - a +0 mace of protection (weapon)
Missiles
 k - a throwing net
 q - 8 tomahawks (quivered)
Armour
 c - a +0 shield (worn)
 f - a +0 helmet (worn)
 i - a +0 plate armour (worn)
Jewellery
 y - an amulet of clarity (around neck)
Scrolls
 g - a scroll of amnesia {unknown}
 l - a scroll of noise {unknown}
 m - 2 scrolls of identify
 p - a scroll of random uselessness {unknown}
 r - a scroll of teleportation {unknown}
 t - a scroll of enchant armour {unknown}
 u - a scroll of blinking {unknown}
 v - a scroll of remove curse {unknown}
 w - a scroll of fog {unknown}
Potions
 b - a potion of cure mutation
 d - 2 potions of might
 j - a potion of cancellation
 s - a potion of resistance
 z - a potion of agility
 A - a potion of curing {unknown}
Comestibles
 e - 4 bread rations
 h - a royal jelly
 n - a chunk of flesh
 o - 4 fruits


   Skills:
 + Level 8.2(5.2) Fighting
 + Level 7.3(4.3) Maces & Flails
 - Level 3.2(0.6) Armour
 - Level 3.2(0.6) Shields


You had 7 spell levels left.
You didn't know any spells.

Dungeon Overview and Level Annotations

Branches:
Dungeon (5/15)             Temple (1/1) D:4

Altars:
Ashenzari
Cheibriados
Dithmenos
Fedhas
Gozag
Nemelex Xobeh
Okawaru
Qazlal
Ru
Sif Muna
Trog
Vehumet
Xom
Yredelemnul
Zin
The Shining One


Message History

The troll bites you.
* * * LOW HITPOINT WARNING * * *
You block the troll's attack. The troll claws you but does no damage.
You hit the troll but do no damage.
The troll is lightly wounded.
The troll bites you but does no damage. The troll barely misses you.
The troll completely misses you.
You closely miss the troll.
The troll is lightly wounded.
The troll bites you!
* * * LOW HITPOINT WARNING * * *
The troll barely misses you. You block the troll's attack.
You closely miss the troll. The troll bites you but does no damage.
You block the troll's attack. The troll claws you but does no damage.
You block the troll's attack. The troll claws you.
* * * LOW HITPOINT WARNING * * *
The troll claws you but does no damage.
Your shield prevents you from hitting the troll.
The troll bites you!
You die...

## ### #. .. #
#.#.#.# #.T_..#
##########@..#
#............+
##.#####.##.##
##'#####+# .#
#.....<... .#
##.#####.# .#
...#.##'#####.##.#
.................#
###..###.####.#


You could see a troll.

Vanquished Creatures
  Duvessa (D:4)
  2 phantoms (D:4)
  A centaur (D:3)
  The ghost of Phlounder the Sneak, an amateur GrAs (D:3)
  Dowan (D:4)
  2 orc priests (D:4)
  3 orc wizards
  Terence (D:3)
  A worker ant (D:4)
  A hound skeleton (D:5)
  Robin (D:2)
  8 adders
  A gnoll (D:1)
  An adder skeleton (D:5)
  4 worms
  5 giant geckos
  23 orcs
  2 ball pythons
  5 bats
  2 giant cockroaches
  15 goblins
  11 hobgoblins
  8 jackals
  5 kobolds
  3 giant newts
  9 rats
117 creatures vanquished.

Notes
Turn   | Place    | Note
--------------------------------------------------------------
     0 | D:1      | TruthSerum the Hill Orc Fighter began the quest for the Orb.
     0 | D:1      | Reached XP level 1. HP: 19/19 MP: 1/1
   156 | D:1      | Reached XP level 2. HP: 25/27 MP: 2/2
   399 | D:1      | Reached skill level 4 in Fighting
   720 | D:1      | Reached XP level 3. HP: 33/33 MP: 3/3
   947 | D:1      | Found a glowing golden altar of the Shining One.
  1266 | D:2      | Noticed Robin
  1557 | D:2      | Killed Robin
  1557 | D:2      | Reached XP level 4. HP: 33/41 MP: 4/4
  2367 | D:3      | Reached skill level 5 in Fighting
  2557 | D:3      | Noticed Terence
  2570 | D:3      | Killed Terence
  2570 | D:3      | Reached XP level 5. HP: 48/48 MP: 5/5
  2696 | D:3      | Noticed Phlounder's ghost (amateur GrAs)
  2704 | D:3      | Killed Phlounder's ghost
  2704 | D:3      | Reached skill level 5 in Maces & Flails
  2864 | D:3      | Noticed a centaur
  2883 | D:3      | Killed a centaur
  2883 | D:3      | Reached skill level 6 in Fighting
  2883 | D:3      | Reached XP level 6. HP: 52/57 MP: 6/6
  3342 | D:4      | Reached XP level 7. HP: 60/64 MP: 7/7
  3363 | D:4      | Found a glowing silver altar of Zin.
  3374 | D:4      | Noticed an angel
  3381 | D:4      | Found a shimmering altar of Xom.
  3456 | D:4      | Noticed Dowan
  3486 | D:4      | Killed Dowan
  3486 | D:4      | Reached skill level 7 in Fighting
  3496 | D:4      | Noticed Duvessa
  3531 | D:4      | Killed Duvessa
  3543 | D:4      | Found a staircase to the Ecumenical Temple.
  3548 | Temple   | Entered the Ecumenical Temple
  3577 | Temple   | Became a worshipper of Warmaster Okawaru
  4007 | D:4      | Found a blossoming altar of Fedhas.
  4017 | D:4      | Found a basalt altar of Yredelemnul.
  4324 | D:4      | Reached skill level 8 in Fighting
  4324 | D:4      | Reached XP level 8. HP: 35/74 MP: 8/8
  4658 | D:5      | Entered Level 5 of the Dungeon
  4792 | D:5      | Found a glowing golden altar of the Shining One.
  4793 | D:5      | Noticed a troll
  4805 | D:5      | Mangled by a troll

Vault maps used:
D:1:      dpeg_arrival_windows_large_door, tso_altar
D:2:      uniq_robin
D:3:      first_bread, uniq_terence
D:4:      grunt_temple_overflow_order_and_chaos_1,
          amethyst_overflow_temple_binary, temple_statues,
          hangedman_decor_points, uniq_duvessa
D:5:      serial_shops, shop_scrolls, hangedman_decor_clover_reticule,
          hangedman_feature_mirror, uniq_eustachio
Temple:   circular_temple_12

Action                   |  1- 3 |  4- 6 |  7- 9 || total
-------------------------+-------+-------+-------++-------
Melee: Flail             |   181 |   175 |       ||   356
       Mace              |       |    31 |   276 ||   307
  Use: Potion            |       |     1 |       ||     1
       Scroll            |       |     3 |     1 ||     4
  Eat: Chunk             |     2 |     6 |     6 ||    14
